 Dungeon Crawl Stone Soup version 0.20-a0-1086-g4bd2f5b (webtiles) character file.

321 Chaoticas the Conjurer (level 6, 0/32 HPs)
             Began as a Deep Elf Conjurer on May 1, 2017.
             Succumbed to a worker ant's poison
             ... on level 4 of the Dungeon.
             The game lasted 00:13:22 (5564 turns).

Chaoticas the Conjurer (Deep Elf Conjurer)          Turns: 5564, Time: 00:13:22

Health: 0/32       AC:  6    Str:  5    XL:     6   Next: 22%
Magic:  1/14       EV: 14    Int: 27    God:
Gold:   320        SH:  0    Dex: 15    Spells: 3/13 levels left

rFire    . . .     SeeInvis .   o - +0 whip
rCold    + . .     Gourm    .   (no shield)
rNeg     . . .     Faith    .   a - +0 robe
rPois    .         Spirit   .   g - +1 helmet
rElec    .         Reflect  .   d - +0 cloak
rCorr    .         Harm     .   (no gloves)
MR       .....                  q - +0 pair of boots
Stlth    ++........             (no amulet)
Regen    0.1/turn               i - ring of protection from cold
MPRegen  0.2/turn               (no ring)

@: brilliant, lethally poisoned (0 -> -17), hasted, very quick
A: no striking features
a: no special abilities


You were on level 4 of the Dungeon.
You were hungry.

You visited 1 branch of the dungeon, and saw 5 of its levels.

You collected 320 gold pieces.

Inventory:

Hand Weapons
 f - a +0 dagger
   (You took it off a goblin on level 1 of the Dungeon)
 o - a +0 whip (weapon)
   (You took it off a kobold on level 2 of the Dungeon)
Armour
 a - a +0 robe (worn)
 d - a +0 cloak (worn)
   (You found it on level 1 of the Dungeon)
 g - a +1 helmet (worn)
   (You found it on level 1 of the Dungeon)
 k - a +2 shield
   (You found it on level 1 of the Dungeon)
 q - a +0 pair of boots (worn)
   (You found it on level 2 of the Dungeon)
 x - a +0 helmet of see invisible
   (You found it on level 3 of the Dungeon)
Jewellery
 i - a ring of protection from cold (left hand)
   (You found it on level 2 of the Dungeon)
 s - a cursed ring of loudness {unknown}
   (You found it on level 3 of the Dungeon)
 u - an uncursed amulet of the gourmand {unknown}
   (You found it on level 3 of the Dungeon)
Wands
 B - a wand of disintegration (8/24)
   (You found it on level 4 of the Dungeon)
 D - a wand of acid (11/15)
   (You found it on level 4 of the Dungeon)
Scrolls
 h - a scroll of immolation {unknown}
 j - a scroll of fear {unknown}
 l - 2 scrolls of amnesia {unknown}
 n - 3 scrolls of teleportation {unknown}
 p - 3 scrolls of recharging {unknown}
 r - 2 scrolls of identify
 t - 2 scrolls of magic mapping {unknown}
 v - 3 scrolls of remove curse {unknown}
 y - a scroll of enchant armour {unknown}
Potions
 c - a potion of brilliance
 e - a potion of heal wounds {unknown}
 z - a potion of mutation {unknown}
Books
 A - a book of Conjurations

   Spells                             Type                      Level
   a - Magic Dart                     Conjuration                  1
   b - Searing Ray                    Conjuration                  2
   c - Dazzling Spray                 Conjuration/Hexes            3
   d - Fulminant Prism                Conjuration/Hexes            4
   e - Force Lance                    Conjuration/Translocation    4
   f - Iskenderun's Mystic Blast      Conjuration                  4
 E - a book of Misfortune
   (You found it on level 4 of the Dungeon)

   Spells                             Type                      Level
   a - Confusing Touch                Hexes                        1
   b - Confuse                        Hexes                        3
   c - Gell's Gravitas                Translocation                3
   d - Petrify                        Transmutation/Earth          4
   e - Metabolic Englaciation         Hexes/Ice                    5
   f - Yara's Violent Unravelling     Hexes/Transmutation          5
Comestibles
 b - 5 royal jellies
 m - 2 meat rations
 C - 2 bread rations


   Skills:
 + Level 4.2 Dodging
 - Level 2.4 Stealth
 + Level 4.3 Spellcasting
 * Level 6.3 Conjurations
 * Level 3.6 Hexes


You had 3 spell levels left.
You knew the following spells:

 Your Spells              Type           Power        Failure   Level  Hunger
a - Magic Dart            Conj           ####         1%          1    None
b - Searing Ray           Conj           ######       1%          2    None
c - Dazzling Spray        Conj/Hex       #####.       1%          3    ##.....
d - Fulminant Prism       Conj/Hex       #####.....   1%          4    ####...


Dungeon Overview and Level Annotations

Branches:
Dungeon (5/15)
 Temple: D:4-7

Altars:
Nemelex Xobeh
Ru
Xom
Zin

Shops:
D:4 *


Message History

Confirm with . or Enter, or press ? or * to list all spells.
Aiming: Searing Ray
Press: ? - help, Shift-Dir - straight line, f - worker ant
Aim: a worker ant The searing ray hits the worker ant.
The worker ant is lightly wounded. (Press . to maintain the ray.)
* * * LOW MAGIC WARNING * * *
The worker ant bites you.
* * * LOW HITPOINT WARNING * * *
The searing ray hits the worker ant.
The worker ant is lightly wounded.
* * * LOW MAGIC WARNING * * *
The worker ant barely misses you.
Without enough magic to sustain it, your searing ray dissipates.
You feel sick. The worker ant barely misses you.
The worker ant closely misses you.
The worker ant waves its antennae.
The worker ant bites you.
* * * LOW HITPOINT WARNING * * *
You are lethally poisoned!
The worker ant poisons you!
* * * LOW HITPOINT WARNING * * *
You feel sick.
* * * LOW HITPOINT WARNING * * *
You feel sick.
It was a potion of brilliance.
You feel clever all of a sudden.
* * * LOW HITPOINT WARNING * * *
You feel sick. The worker ant completely misses you.
* * * LOW HITPOINT WARNING * * *
You feel sick.
Casting: Searing Ray
Confirm with . or Enter, or press ? or * to list all spells.
Aiming: Magic Dart
Press: ? - help, Shift-Dir - straight line, f/p - worker ant
Aim: a worker ant (lightly wounded)
The magic dart hits the worker ant.
The worker ant is moderately wounded.
* * * LOW MAGIC WARNING * * *;
* * * LOW HITPOINT WARNING * * *
You feel sick. The worker ant barely misses you. The worker ant bites you.
* * * LOW HITPOINT WARNING * * *
You are more poisoned.
The worker ant poisons you!
* * * LOW HITPOINT WARNING * * *
You feel sick.
* * * LOW HITPOINT WARNING * * *
You feel sick.
It was a potion of haste.
You feel yourself speed up.
You die...

............#.#...........#
##.###.##..##.#.#.##.###..# ##.#
#............##.# #..#
##.###.###..#.#.#.##.# #..#
.....................###..####
##.####........##............#
##.# #.........[......#..##.#
##.####......)(........#..##.#
##.........#..#.@......#..##.#
...###.######.#.a......#.....#
##.###.# #.###..######.####
.#.....######># #..# #.#
.#.###.#.....####..# #.#
.#.###.............######.#######
...........................(.....
...###.#.....####..##############
.#.# #.#.....##.......#


You could see a worker ant.

Vanquished Creatures
  A scorpion (D:5)
  2 orc priests (D:4)
  A worker ant (D:4)
  3 gnolls (D:4)
  4 adders
  An ooze (D:1)
  6 worms
  2 dart slugs
  2 leopard geckos
  11 orcs
  9 bats
  4 giant cockroaches
  4 goblins
  6 hobgoblins
  7 jackals (D:3)
  6 kobolds
  A quokka (D:3)
  11 frilled lizards
  7 rats
88 creatures vanquished.

Vanquished Creatures (others)
  A ball python (D:2)
1 creature vanquished.

Grand Total: 89 creatures vanquished

Notes
Turn   | Place    | Note
-------+----------+-------------------------------------------
     0 | D:1      | Chaoticas the Deep Elf Conjurer began the quest for the Orb.
     0 | D:1      | Reached XP level 1. HP: 10/10 MP: 6/6
   259 | D:1      | Reached XP level 2. HP: 15/15 MP: 0/8
   879 | D:1      | Reached skill level 5 in Conjurations
  1047 | D:1      | Reached XP level 3. HP: 18/19 MP: 1/10
  1696 | D:2      | Found a sparkling altar of Nemelex Xobeh.
  1929 | D:2      | HP: 8/19 [worm (11)]
  2125 | D:2      | Reached skill level 3 in Dodging
  2158 | D:2      | Learned a level 2 spell: Searing Ray
  2162 | D:2      | Learned a level 3 spell: Dazzling Spray
  2388 | D:2      | Found a shimmering altar of Xom.
  2449 | D:2      | Reached XP level 4. HP: 24/24 MP: 6/11
  2600 | D:2      | Reached skill level 1 in Hexes
  3423 | D:3      | Learned a level 4 spell: Fulminant Prism
  3562 | D:3      | Found a sacrificial altar of Ru.
  3868 | D:3      | Reached skill level 4 in Spellcasting
  4126 | D:3      | Reached skill level 2 in Hexes
  4126 | D:3      | Reached XP level 5. HP: 28/28 MP: 7/13
  4233 | D:4      | Found Zin's Purification Station.
  4238 | D:4      | Found a glowing silver altar of Zin.
  4567 | D:4      | Identified a book of Misfortune
  4764 | D:4      | Reached skill level 6 in Conjurations
  4775 | D:4      | HP: 9/28 [orc priest/divine providence (11)]
  4778 | D:4      | Reached skill level 4 in Dodging
  4778 | D:4      | Reached skill level 3 in Hexes
  5186 | D:4      | Reached XP level 6. HP: 29/32 MP: 10/14
  5514 | D:5      | Entered Level 5 of the Dungeon
  5550 | D:4      | HP: 16/32 [worker ant (4)]
  5555 | D:4      | HP: 13/32 [poisoned by a worker ant]
  5560 | D:4      | HP: 6/32 [poisoned by a worker ant]
  5563 | D:4      | HP: 1/32 [poisoned by a worker ant]
  5564 | D:4      | Succumbed to a worker ant's poison

Vault maps used:
D:1:      dpeg_arrival_circle_labyrinth_c
D:2:      lemuel_doored_altar, nemelex_altar_shiori
D:3:      nicolae_ru_path_of_blood
D:4:      zin_purify, first_bread
D:5:      nicolae_overflow_hidden_temple, lightli_minifort

Skill      XL: |  1  2  3  4  5 |
---------------+----------------+-----
Conjurations   | 5 6 |  6.3
Dodging        | 3 4 |  4.2
Hexes          | 2 3 |  3.6
Spellcasting   | 4 |  4.3
Stealth        | |  2.4

Action                   |  1- 3 |  4- 6 || total
-------------------------+-------+-------++-------
Melee: Unarmed           |     3 |       ||     3
       Whip              |     2 |    20 ||    22
 Cast: Magic Dart        |   105 |   115 ||   220
       Searing Ray       |       |     9 ||     9
       Dazzling Spray    |       |     2 ||     2
  Use: Scroll            |     2 |     1 ||     3
       Potion            |       |     2 ||     2
  Eat: Chunk             |     1 |     6 ||     7
       Bread ration      |     1 |       ||     1
       Royal jelly       |     1 |       ||     1
Armor: Robe              |     7 |    12 ||    19
Dodge: Dodged            |     7 |    61 ||    68
